 Dungeon Crawl Stone Soup version 0.27.1-33-g824d729ab1 (webtiles) character file.

Game seed: 18261605699760722302

4 zeram the Sneak (level 1, 0/11 HPs)
             Began as an Octopode Enchanter on Dec 21, 2021.
             Slain by a gnoll (4 damage)
             ... on level 1 of the Dungeon.
             The game lasted 00:00:27 (61 turns).

zeram the Sneak (Octopode Enchanter)                  Turns: 61, Time: 00:00:27

Health: 0/11       AC:  1    Str:  7    XL:     1   Next: 60%
Magic:  2/3        EV: 13    Int: 17    God:
Gold:   15         SH:  0    Dex: 12    Spells: 3/4 levels left

rFire    . . .     SeeInvis .   a - +1 dagger
rCold    . . .     Faith    .   (no shield)
rNeg     . . .     Spirit   .   (helmet restricted)
rPois    .         Reflect  .   (no amulet)
rElec    .         Harm     .   (no ring)
rCorr    .         Rampage  .   (no ring)
Will     .....                  (no ring)
Stlth    +++.......             (no ring)
HPRegen  0.03/turn              (no ring)
MPRegen  0.08/turn              (no ring)
                                (no ring)
                                (no ring)

@: no status effects
A: almost no armour, amphibious, 8 rings, camouflage 1, gelatinous body 1,
(nimble swimmer 1), tentacles
a: no special abilities


You were on level 1 of the Dungeon.
You visited 1 branch of the dungeon, and saw 1 of its levels.

You collected 15 gold pieces.

Inventory:

Hand Weapons
 a - a +1 dagger (weapon)


   Skills:
 - Level 1.0 Short Blades
 + Level 2.0 Dodging
 + Level 4.1 Stealth
 - Level 2.0 Spellcasting
 + Level 3.1 Hexes


You had 3 spell levels left.
You knew the following spells:

 Your Spells              Type           Power      Damage    Failure   Level
a - Corona                Hex            13%        N/A       5%          1

Your spell library contained the following spells:

 Spells                   Type           Power      Damage    Failure   Level
 Ensorcelled Hibernation  Hex/Ice        14%        N/A       16%         2
 Confusing Touch          Hex            12%        N/A       16%         3
 Tukima's Dance           Hex            12%        N/A       16%         3
 Dazzling Flash           Conj/Hex       14%        N/A       30%         3


Dungeon Overview and Level Annotations

Branches:
Dungeon (1/15)

Altars:


Innate Abilities, Weirdness & Mutations

You cannot wear most types of armour.
You are amphibious.
You can wear up to eight rings at the same time.
Your skin changes colour to match your surroundings (Stealth+).
Your rubbery body absorbs attacks. (AC +1, EV +1)
((You are camouflaged near water. (Stealth+)))
You have tentacles for arms and can constrict up to eight enemies at once.


Message History

The kobold barely misses you.
You hit the kobold.
The kobold is heavily wounded.
You constrict the kobold.
A gnoll comes into view. It is wielding a +0 flail.
The kobold hits you with a +0 club.
A ball python comes into view.
You completely miss the kobold.
The kobold is severely wounded.
You constrict the kobold, but do no damage.
The frilled lizard bites you but does no damage.
The kobold hits you with a +0 club.
You are too injured to fight recklessly!
You are too injured to fight recklessly!
Unknown command.
The gnoll shouts!
The ball python hisses angrily.
You hit the kobold but do no damage. Your squeeze misses the kobold.
The kobold is heavily wounded.
You constrict the kobold.
You kill the kobold!
The frilled lizard barely misses you.
The frilled lizard completely misses you.
You see here a +0 spear.
You aren't carrying any potions.
You aren't carrying any scrolls.
You aren't carrying any pieces of jewellery.
You closely miss the frilled lizard. You grab the frilled lizard.
You squeeze the frilled lizard.
You kill the frilled lizard!
Casting: Corona (safe; 5% risk of failure)
Confirm with . or Enter, or press ? or * to list all spells.
Aiming: Corona (safe; 5% risk of failure)
Press: ? - help, Shift-Dir - straight line, f - ball python
Aim: a ball python (chance to affect: 66%)
The ball python barely resists.
You hit the ball python but do no damage.
You grab the ball python. You squeeze the ball python.
You kill the ball python!
The gnoll hits you with a +0 flail.
You die...

............).#.#
##.##...........#
###.....#######.....
..........### ##..
.......!....### .
#..#######....# #.
######..).# #
#...##....#####
#...##..#.g@..#
#.<.##...####.#.
#...##..........
#...###.######.... #
##'####.# ###..#
....###.###..#### .#
..⌠.............# .
...........#....#
#####.######.#.##


You could see a gnoll.

Vanquished Creatures
  A kobold (D:1)
  3 ball pythons (D:1)
  A frilled lizard (D:1)
5 creatures vanquished.

Notes
Turn   | Place    | Note
-------+----------+-------------------------------------------
     0 | D:1      | zeram the Octopode Enchanter began the quest for the Orb.
     0 | D:1      | Reached XP level 1. HP: 11/11 MP: 3/3
    61 | D:1      | Slain by a gnoll

Illustrated notes

Levels and vault maps discovered:
D:1:      dpeg_arrival_rooms_a, layout_rooms,
          shapermc_ecumenical_altar_mp_urbaneastern, serial_rivers,
          chequers_serial_rivers_micro_a, chequers_serial_rivers_small_3,
          chequers_serial_rivers_micro_b, chequers_serial_rivers_room_a,
          minmay_tetromino_i4

Action                   || total
-------------------------++-------
Melee: Dagger            ||    10
       Constrict         ||     4
       Tentacles         ||     4
 Cast: Corona            ||     1
Armor: Skin              ||     1
Dodge: Dodged            ||     5
